 Dungeon Crawl Stone Soup version 0.27-a0-1196-g3e9cee4cb2 (webtiles) character file.

Game seed: 6336255022182440997

501 Alter the Shield-Bearer (level 6, -1/52 HPs)
             Began as a Draconian Fighter on May 28, 2021.
             Was a Priest of Cheibriados.
             Slain by a troll (8 damage)
             ... on level 5 of the Dungeon.
             The game lasted 00:10:01 (5101 turns).

Alter the Shield-Bearer (Draconian Fighter)         Turns: 5101, Time: 00:10:02

Health: -1/52      AC:  6    Str: 27    XL:     6   Next: 95%
Magic:  6/6        EV: 12    Int: 17    God:    Cheibriados [***...]
Gold:   60         SH:  0    Dex: 19    Spells: 5/5 levels left

rFire    . . .     SeeInvis .   e - +3 whip
rCold    . . .     Faith    .   b - +0 kite shield
rNeg     . . .     Spirit   .   (armour unavailable)
rPois    .         Reflect  .   (helmet restricted)
rElec    .         Harm     .   (no cloak)
rCorr    .         Rampage  .   (no gloves)
Will     .....                  (no boots)
Stlth    +.........             (no amulet)
HPRegen  0.17/turn              (no ring)
MPRegen  0.10/turn              (no ring)

@: confused, mighty, ambrosia-drunk, flying (expiring), very slow
A: AC +6, unfitting armour, cold-blooded
a: Renounce Religion, Bend Time, Temporal Distortion


You were on level 5 of the Dungeon.
You worshipped Cheibriados.
Cheibriados was most pleased with you.
You visited 1 branch of the dungeon, and saw 5 of its levels.

You collected 230 gold pieces.
You spent 170 gold pieces at shops.

Inventory:

Hand Weapons
 a - a +0 flail
 e - a +3 whip (weapon)
Armour
 b - a +0 kite shield (worn)
Magical Staves
 i - a staff of earth
Jewellery
 k - a +6 ring of dexterity
 m - an amulet of the acrobat
Wands
 g - a wand of charming (10)
Scrolls
 d - 3 scrolls of identify
 l - a scroll of immolation {unknown}
Potions
 f - a potion of magic
 n - a potion of flight


   Skills:
 + Level 4.2 Fighting
 + Level 4.3 Maces & Flails
 + Level 4.3 Dodging
 + Level 2.2 Stealth
 + Level 4.4 Shields


You had 5 spell levels left.
You didn't know any spells.
Your spell library contained the following spells:

 Spells                   Type           Power      Damage    Failure   Level
 Animate Skeleton         Necr           0%         N/A       67%         1
 Apportation              Tloc           0%         N/A       67%         1
 Corona                   Hex            0%         N/A       67%         1
 Summon Small Mammal      Summ           0%         N/A       67%         1


Dungeon Overview and Level Annotations

Branches:
Dungeon (5/15)
 Temple: D:4-7

Altars:
Cheibriados

Shops:
D:1 =   D:5 :!*(


Innate Abilities, Weirdness & Mutations

Your plain brown scales are hard. (AC +6)
You cannot fit into any form of body armour.
You are cold-blooded and may be slowed by cold attacks.


Message History

The jelly barely misses you.
You whack the jelly!
You kill the jelly!
Cheibriados thoroughly appreciates the change of pace.
Found Fimetuh's Book Shoppe.
You now have 230 gold pieces (gained 11).
There is an entrance to Kesocuz's Weapon Shoppe here.
There is an entrance to Upiere Catro's Distillery here.
A troll comes into view.
Found a dagger.
There is an entrance to Fimetuh's Book Shoppe here.
There is an entrance to Izacvaf's Assorted Antiques here.
m - an amulet of the acrobat;
n - 2 silvery potions Thank you for shopping at Izacvaf's Assorted Antiques!
It was a potion of flight.
You feel very buoyant.
You fly up into the air.
The troll shouts!
Found an escape hatch in the floor.
The troll bites you! The troll closely misses you. The troll barely misses you.
You block the troll's attack. The troll claws you. The troll claws you!
You block the troll's attack. The troll claws you! The troll barely misses you.
You closely miss the troll.
You tail-slap the troll, but do no damage.
You block the troll's attack. The troll claws you!
* * * LOW HITPOINT WARNING * * *
You block the troll's attack.
You are starting to lose your buoyancy.
You block the troll's attack. x2; The troll claws you.
* * * LOW HITPOINT WARNING * * *
You feel better. The troll barely misses you. You block the troll's attack.
The troll claws you but does no damage.
You feel very mighty all of a sudden.
You block the troll's attack. x2; The troll claws you.
* * * LOW HITPOINT WARNING * * *
You are confused.
You feel invigorated. The troll bites you!
* * * LOW HITPOINT WARNING * * *
The troll claws you but does no damage. The troll claws you!
You die...

...... .....# .)....
.....+ ##.. # #....#
#.. #. #....# #.. #..
.)...##+#######.. #.>.
#....+.......#...
#....##....#.......#...
#.....@T............#..
#....##.....♣.♣.♣.♣.#..
#....##......⌠.∩.⌠.....
#...........♣.♣.♣.♣.#..
#............∩.⌠.∩..#..
#....##.....♣.♣.♣.♣....
#####.......⌠.∩.⌠.....
#.####.♣.♣.♣.♣.###
#..............#


You could see a troll.

Vanquished Creatures
  A black bear (D:4)
  A scorpion (D:4)
  A bullfrog zombie (D:4)
  2 hounds
  A jelly (D:5)
  A bullfrog skeleton (D:5)
  13 adders
  A worm (D:4)
  5 orcs (D:3)
  9 ball pythons
  5 bats
  4 endoplasms
  4 giant cockroaches
  3 goblins
  6 hobgoblins
  6 jackals
  14 kobolds
  5 quokkas
  4 frilled lizards
  5 rats
91 creatures vanquished.

Notes
Turn   | Place    | Note
-------+----------+-------------------------------------------
     0 | D:1      | Alter the Draconian Fighter began the quest for the Orb.
     0 | D:1      | Reached XP level 1. HP: 19/19 MP: 1/1
   445 | D:1      | Reached XP level 2. HP: 26/26 MP: 2/2
   796 | D:1      | Found Nushretze's Jewellery Emporium.
   954 | D:1      | Found a faded altar of an unknown god.
   976 | D:1      | Became a worshipper of Cheibriados the Contemplative
   976 | D:1      | Reached * piety under Cheibriados
  1333 | D:2      | Reached XP level 3. HP: 31/31 MP: 3/3
  1690 | D:2      | Reached XP level 4. HP: 40/40 MP: 4/4
  1981 | D:2      | Reached ** piety under Cheibriados
  2417 | D:3      | Reached skill level 1 in Stealth
  2553 | D:3      | Reached XP level 5. HP: 46/46 MP: 5/5
  3167 | D:4      | Reached *** piety under Cheibriados
  3411 | D:4      | Noticed a black bear
  3433 | D:4      | Killed a black bear
  3434 | D:4      | Reached XP level 6. HP: 23/52 MP: 6/6
  4956 | D:5      | Entered Level 5 of the Dungeon
  5062 | D:5      | Found Kesocuz's Weapon Shoppe.
  5065 | D:5      | Found Upiere Catro's Distillery.
  5065 | D:5      | Found Izacvaf's Assorted Antiques.
  5071 | D:5      | Found Fimetuh's Book Shoppe.
  5078 | D:5      | Noticed a troll
  5084 | D:5      | Bought a dented diamond amulet for 125 gold pieces
  5084 | D:5      | Bought 2 silvery potions for 45 gold pieces
  5101 | D:5      | Slain by a troll

Illustrated notes

Levels and vault maps discovered:
D:1:      dpeg_arrival_houses_and_road, layout_basic, serial_shops,
          nicolae_shop_statue_plus, basic_ecumenical_altar,
          minmay_strange_pillars
D:2:      layout_basic, minmay_misc_feat_secret_circle
D:3:      layout_loops_ring, corexii_item_surrounded_by_moat
D:4:      layout_basic, minmay_snake_closets
D:5:      layout_gridville, minmay_misc_feat_plants, minmay_shop_grid_forest

Skill      XL: |  1  2  3  4  5  6 |
---------------+-------------------+-----
Dodging        | 3 4 |  4.3
Maces & Flails | 3 4 |  4.3
Stealth        | 1 2 |  2.2
Fighting       | 4 |  4.2
Shields        | 4 |  4.4

Action                   |  1- 3 |  4- 6 || total
-------------------------+-------+-------++-------
Melee: Flail             |    81 |       ||    81
       Tailslap          |    16 |    36 ||    52
       Whip              |    23 |   180 ||   203
  Use: Potion            |     6 |     8 ||    14
       Scroll            |     1 |     2 ||     3
 Stab: Sleeping          |     2 |    10 ||    12
Armor: Skin              |    41 |    48 ||    89
Dodge: Dodged            |    66 |   105 ||   171
Block: Kite shield       |    71 |   114 ||   185

Table legend: (Time is in decaauts)
 A = Elapsed time spent in this place.
 B = Non-inter-level travel time spent in this place.
 C = Inter-level travel time spent in this place.
 D = Time resting spent in this place.
 E = Time spent auto-exploring this place.
 F = Levels seen in this place.
 G = Mean time per level.
                   A        B        C        D        E       F      G
               +--------+--------+--------+--------+--------+-----+--------+
         Total |   6591 |   6591 |      0 |   1022 |   3683 |   5 | 1318.2 |
       Dungeon |   6591 |   6591 |      0 |   1022 |   3683 |   5 | 1318.2 |
               +--------+--------+--------+--------+--------+-----+--------+

Top non-repeatable levels by time:
     D:4: 2541 daAuts
     D:2: 1453 daAuts
     D:1: 1205 daAuts
     D:3: 1164 daAuts
     D:5: 227 daAuts
